 Dungeon Crawl Stone Soup version 0.32-a0-685-g93135e86f0 (webtiles) character file.

Game seed: 9983963780572860225

338322 seren the Metamorph (level 21, -12/193 HPs)
             Began as an Octopode Shapeshifter on Mar 12, 2024.
             Was an Initiate of Gozag.
             Killed from afar by a deep elf knight (26 damage)
             ... with a lance of force
             ... on level 2 of the Elven Halls.
             The game lasted 03:03:14 (57450 turns).

seren the Metamorph (Octopode Shapeshifter)        Turns: 57450, Time: 03:03:14

Health: -12/193    AC: 30    Str: 21    XL:     21   Next: 93%
Magic:  30/30      EV: 43    Int: 17    God:    Gozag
Gold:   3841       SH: 14    Dex: 22    Spells: 23/32 levels left

rFire   + .          .
                       - Unarmed
rCold   + . .        y - +0 kite shield
rNeg    + + .        U - +2 hat
rPois   ∞            E - amulet of Monotheism {Acrobat Fly Dex+3}
rElec   +            u - ring of protection from fire
rCorr   .            k - +5 ring of evasion
SInv    .            V - ring of willpower
Will    +++..        Z - ring of protection from cold
Stlth   ++++++++     W - ring of willpower
HPRegen 0.52/turn    b - ring of positive energy
MPRegen 0.22/turn    c - ring "Tiessewe" {Fly rPois Str+3 Int+2}
                     a - ring of Amuassu {Fly rPois Dex+4}

%: acrobat
@: statue-form, acrobatic, flying, studying Spellcasting, very slow
A: slow and powerful, torment resistance 1, boosted hp, almost no armour,
amphibious, 8 rings, camouflage 1, (gelatinous body 1), (nimble swimmer 1),
tentacles
}: 2/15 runes: serpentine, barnacled
a: Begin Untransformation, Renounce Religion, Potion Petition, Call Merchant,
Bribe Branch


You were on level 2 of the Elven Halls.
You worshipped Gozag.
Gozag was most pleased with you.
You were a living statue of rough stone.
You visited 8 branches of the dungeon, and saw 37 of its levels.

You collected 13491 gold pieces.
You spent 7707 gold pieces at shops.
You paid 1943 gold pieces to Gozag.

Inventory:

Missiles
 t - 7 curare-tipped darts
 D - 5 throwing nets {!f}
 J - 42 boomerangs (quivered)
Armour
 y - a +0 kite shield (worn)
 A - the +0 tower shield of Recklessness {rPois Int+3 Dex+3}
   (You bought it in a shop on level 4 of the Lair of Beasts)

   Int+3:     It affects your intelligence (+3).
   Dex+3:     It affects your dexterity (+3).
   rPois:     It protects you from poison.
 U - a +2 hat (worn)
Jewellery
 a - the ring of Amuassu (on tentacle) {Fly rPois Dex+4}
   (You found it on level 1 of the Shoals)

   [ring of flight]

   Dex+4:     It affects your dexterity (+4).
   rPois:     It protects you from poison.
   Fly:       It grants you flight.
 b - a ring of positive energy (on tentacle)
 c - the ring "Tiessewe" (on tentacle) {Fly rPois Str+3 Int+2}
   (You bought it in a shop on level 4 of the Snake Pit)

   [ring of poison resistance]

   Str+3:     It affects your strength (+3).
   Int+2:     It affects your intelligence (+2).
   rPois:     It protects you from poison.
   Fly:       It grants you flight.
 g - a ring of resist corrosion
 k - a +5 ring of evasion (right tentacle)
 q - a ring of see invisible
 u - a ring of protection from fire (left tentacle)
 E - the amulet of Monotheism (around mantle) {Acrobat Fly Dex+3}
   (You bought it in a shop on level 4 of the Snake Pit)

   [amulet of the acrobat]

   Acrobat:   It increases your evasion while moving and waiting.
   Dex+3:     It affects your dexterity (+3).
   Fly:       It grants you flight.
 K - an amulet of reflection
 O - an amulet of regeneration
 V - a ring of willpower (on tentacle)
 W - a ring of willpower (on tentacle)
 Z - a ring of protection from cold (on tentacle)
Talismans
 h - a serpent talisman
 B - a storm talisman
 L - a granite talisman (active)
Wands
 m - a wand of digging (11)
 s - a wand of light (16)
 z - a wand of polymorph (5)
 N - a wand of roots (27)
 T - a wand of mindburst (11)
Scrolls
 d - 6 scrolls of teleportation {!r}
 e - 2 scrolls of revelation
 f - 5 scrolls of fear
 p - 5 scrolls of vulnerability
 w - 9 scrolls of fog
 F - 2 scrolls of silence
 I - 3 scrolls of summoning
 R - 2 scrolls of enchant armour
 S - 5 scrolls of blinking {!r}
Potions
 i - 4 potions of invisibility
 j - 6 potions of mutation {!q}
 l - 2 potions of berserk rage
 n - 12 potions of heal wounds
 o - 6 potions of haste
 x - a potion of brilliance
 C - 2 potions of resistance
 G - 8 potions of enlightenment
 H - 7 potions of magic
 M - 4 potions of might
 P - 11 potions of curing
 Y - a potion of cancellation
Miscellaneous
 r - a lightning rod (4/4)
 v - a condenser vane
 Q - a sack of spiders
 X - a phial of floods


   Skills:
 + Level 14.4 Fighting
 + Level 6.6 Throwing
 + Level 14.4 Dodging
 + Level 15.9 Stealth
 * Level 12.6 Shields
 + Level 16.2 Unarmed Combat
 - Level 6.0 Spellcasting
 - Level 10.0 Translocations
 - Level 10.0 Evocations
 + Level 17.4 Shapeshifting


You had 23 spell levels left.
You knew the following spells:

 Your Spells              Type           Power      Damage    Failure   Level
a - Apportation           Tloc           78%        N/A       1%          1
b - Blink                 Tloc           78%        N/A       1%          2
c - Lesser Beckoning      Tloc           78%        N/A       1%          2
m - Manifold Assault      Tloc           39%        N/A       3%          4

Your spell library contained the following spells:

 Spells                   Type           Power      Damage    Failure   Level
 Gell's Gravitas          Tloc           39%        N/A       1%          3
 Teleport Other           Tloc           39%        N/A       1%          3
 Passage of Golubria      Tloc           39%        N/A       3%          4
 Momentum Strike          Conj/Tloc      44%        3d9       4%          2
 Freeze                   Ice            20%        1d4       22%         1
 Magic Dart               Conj           20%        1d4       22%         1
 Necrotise                Necr           20%        1d5       22%         1
 Sandblast                Erth           10%        2d5       22%         1
 Shock                    Conj/Air       20%        1d4       22%         1
 Sting                    Conj/Alch      20%        1d4       22%         1
 Summon Small Mammal      Summ           20%        N/A       22%         1
 Dimensional Bullseye     Hex/Tloc       11%        N/A       26%         4
 Iskenderun's Mystic Bla  Conj/Tloc      22%        2d6       26%         4
 Call Imp                 Summ           10%        N/A       32%         2
 Cigotuvi's Dreadful Rot  Necr/Alch/Air  10%        N/A       32%         2
 Ensorcelled Hibernation  Hex/Ice        10%        N/A       32%         2
 Jinxbite                 Hex            10%        N/A       32%         2
 Searing Ray              Conj           10%        2d4       32%         2
 Frozen Ramparts          Ice            10%        1d2       54%         3
 Fugue of the Fallen      Necr           5%         N/A       54%         3
 Hailstorm                Conj/Ice       5%         3d5       54%         3
 Ozocubu's Armour         Ice            5%         N/A       54%         3
 Stone Arrow              Conj/Erth      10%        3d7       54%         3
 Swiftness                Air            5%         N/A       54%         3
 Tukima's Dance           Hex            5%         N/A       54%         3
 Airstrike                Air            2%         2d(1-17)  91%         4
 Anguish                  Hex/Necr       2%         N/A       91%         4
 Brom's Barrelling Bould  Conj/Erth      5%         2d3       91%         4
 Fulminant Prism          Conj/Alch      2%         3d5       91%         4
 Ignite Poison            Fire/Alch      5%         N/A       91%         4
 Summon Lightning Spire   Summ/Air       5%         N/A       91%         4
 Alistair's Intoxication  Alch           3%         N/A       99%         5
 Borgnjor's Vile Clutch   Necr/Erth      2%         N/A       99%         5
 Freezing Cloud           Conj/Ice/Air   2%         6-21      99%         5
 Yara's Violent Unravell  Hex/Alch       2%         3d3       99%         5
 Death Channel            Necr           2%         N/A       100%        6
 Animate Dead             Necr           Unusable   N/A       N/A         4

Dungeon Overview and Level Annotations

Branches:
Dungeon (15/15)            Temple (1/1) D:7            Lair (5/5) D:10
 Shoals (4/4) Lair:3        Snake (4/4) Lair:2        Slime (0/5) Lair:4
    Orc (2/2) D:11            Elf (2/3) Orc:2        Vaults (4/5) D:14
  Crypt (0/3) Vaults:2     Depths (0/4) D:15

Altars:
Ashenzari
Cheibriados
Dithmenos
Elyvilon
Fedhas
Gozag
Hepliaklqana
Kikubaaqudgha
Makhleb
Nemelex Xobeh
Okawaru
Qazlal
Ru
Sif Muna
Trog
Uskayaw
Vehumet
Wu Jian
Xom
Yredelemnul
Zin
The Shining One
Jiyva
Lugonu

Shops:
D:9 ?   D:13 *   Orc:1 =   Orc:2 [[(:*   Elf:1 *   Lair:4 *[   Snake:1 [!*
Snake:4 =:=   Vaults:2 [*[   Vaults:3 :   Vaults:4 =

Annotations:
D:2 1 runed translucent door, Crazy Yiuf
D:11 exclusion: downstairs
Shoals:1 1 runed translucent door


Innate Abilities, Weirdness & Mutations

You are a living statue of rough stone.
Your actions are slow, but your melee attacks are powerful.
You are resistant to unholy torment.
Your maximum health is greatly increased.
You cannot wear most types of armour.
You are amphibious.
You can wear up to eight rings at the same time.
You are immune to poison.
Your skin changes colour to match your surroundings (Stealth+).
((Your rubbery body absorbs attacks. (AC +1, EV +1)))
((You are camouflaged when in or above water. (Stealth+)))
You have tentacles for arms and can constrict up to eight enemies at once.


Message History

A +1 trident of venom comes into view.
You block something's attack.
You shake off some of the fire as you move.
The liquid fire burns you!
* * * LOW HITPOINT WARNING * * *
The +1 trident of venom completely misses you.
The +6 trident of freezing closely misses you.
You block the +1 trident of venom's attack.
The +6 trident of freezing completely misses you.
You hear some strange, mumbled words.
A lance of force appears from out of thin air!
The lance of force hits you!
* * * LOW HITPOINT WARNING * * *
You are knocked back by the lance of force.
You slam into the stone wall!
The +1 trident of venom misses you.
You shake off some of the fire as you move.
The liquid fire burns you!
* * * LOW HITPOINT WARNING * * *
Reactivating autopickup.
A deep elf knight appears from thin air!
The +1 trident of venom attacks as it pursues you!
You block the +1 trident of venom's attack.
The deep elf knight points at you and mumbles some strange words.
You block the lance of force.
The +6 trident of freezing closely misses you.
The +1 trident of venom hits you from afar!
* * * LOW HITPOINT WARNING * * *
The deep elf knight completely misses you.
The +6 trident of freezing misses you.
You shake off the liquid fire.
The deep elf knight completely misses you.
The +6 trident of freezing hits you from afar!
* * * LOW HITPOINT WARNING * * *
The +6 trident of freezing freezes you.
* * * LOW HITPOINT WARNING * * *
You block the +1 trident of venom's attack.
The deep elf knight casts a spell at you.
The lance of force hits you!!
You die...
Your body crumbles into a pile of gold.

#.<...# ##...## ##.##
### ## ### ##
##.####.## #.##
...##...##...##...##.
.......(.I...........
.....#.e$...........
... ##(e..$$......# .
##$$$.$.....#
#...........#
#.............#
................#
.................
..................


You could see a deep elf knight (fast), a deep elf pyromancer and 2 dancing
weapons.

Vanquished Creatures
  Nikola (Shoals:4)
  A lich (Vaults:2)
  Jorgrun (D:12)
  A titan (Vaults:3)
  3 sphinxes (Vaults:4)
  A quicksilver dragon (Snake:4)
  The ghost of senseless the Warrior, an adept DsGl of Hepliaklqana (Shoals:3)
  Kirke (D:13)
  Frances (D:12)
  2 krakens
  Polyphemus (Shoals:2)
  Roxanne (Shoals:1)
  8 nagarajas
  Donald (Shoals:3)
  Ilsuiw (Shoals:3)
  2 deep elf sorcerers
  A fire giant (D:15)
  A frost giant (Shoals:4)
  Louise (Shoals:1)
  5 vault wardens
  A deep elf elementalist (Elf:1)
  10 ironbound preservers
  An orc warlord (Vaults:2)
  5 formless jellyfish
  6 ironbound thunderhulks
  4 deep elf death magi (Elf:1)
  3 dire elephants (Vaults:3)
  2 stone giants (Vaults:4)
  4 crystal guardians
  3 merfolk javelineers
  14 yaktaur captains
  7 merfolk impalers
  10 great orbs of eyes
  2 jiangshi (D:15)
  3 peacekeepers (Vaults:4)
  9 ironbound frosthearts
  A catoblepas (Shoals:2)
  5 merfolk avatars
  3 salamander tyrants (Snake:4)
  21 centaur warriors
  2 ogre magi (Orc:2)
  4 hydras
  12 anacondas
  An alligator snapping turtle (Shoals:4)
  4 merfolk aquamancers (Shoals:4)
  7 dancing weapons
  5 boulder beetles
  11 two-headed ogres
  3 death yaks (Shoals:2)
  Urug (D:13)
  3 tengu warriors
  A vampire mage (D:15)
  11 naga sharpshooters
  An occultist (Vaults:2)
  10 shock serpents
  9 deep elf knights
  3 naga warriors
  A goliath frog (Lair:5)
  3 salamander mystics (Snake:3)
  10 skysharks
  3 arcanists
  9 skeletal warriors
  A shadow wraith (D:14)
  19 sea snakes
  11 mana vipers
  5 naga ritualists
  7 deep elf archers
  16 ironbound convokers
  29 deep trolls
  4 lindwurms
  16 harpies
  A necromancer (Vaults:4)
  A spriggan simulacrum (Shoals:1)
  16 deep elf pyromancers
  14 deep elf zephyrmancers
  5 orc knights
  9 cyclopes
  14 ugly things
  11 fauns
  12 manticores
  2 orc sorcerers (Orc:1)
  10 salamanders
  6 meliai
  A torpor snail (Lair:4)
  3 kobold blastminers
  9 merfolk sirens
  6 guardian serpents
  8 water nymphs
  11 elephants
  49 black mambas
  14 naga magi
  18 cane toads
  16 vault sentinels
  An unseen horror (shapeshifter) (D:14)
  Maggie (D:9)
  3 freezing wraiths
  27 yaktaurs
  5 tengu conjurers
  10 komodo dragons
  An efreet (D:15)
  5 rime drakes
  An anaconda simulacrum (Shoals:1)
  2 red devils (D:11)
  10 trolls
  2 tyrant leeches (Lair:5)
  6 wind drakes
  24 merfolk
  A hellwing (D:11)
  3 polar bears
  2 hornets
  4 dream sheep (Shoals:3)
  6 snapping turtles
  41 slime creatures
  A centaur simulacrum (D:15)
  42 blink frogs
  Sigmund (D:3)
  3 wraiths
  A spriggan (shapeshifter) (D:15)
  5 vampires (D:15)
  8 water elementals
  3 hogs
  5 basilisks
  8 wyverns
  39 yaks
  2 wargs
  A steam dragon (D:8)
  19 nagas
  Menkaure (D:4)
  A minotaur simulacrum (Shoals:1)
  7 vampire mosquitoes
  A harpy simulacrum (Shoals:1)
  28 water moccasins
  A glowing shapeshifter zombie (Vaults:4)
  An acid dragon (shapeshifter) (Elf:1)
  17 orc warriors
  A sky beast (D:4)
  9 ice beasts
  2 laughing skulls (D:14)
  20 ogres
  10 wolves
  2 centaurs
  2 kobold brigands
  2 earth elementals (Elf:1)
  A scorpion (D:4)
  22 bullfrogs
  4 deep troll simulacra (Shoals:1)
  A human simulacrum (Vaults:4)
  8 wights
  18 killer bees
  A howler monkey (D:6)
  A quasit (D:10)
  2 hounds
  2 bombardier beetles
  3 jellies
  13 orc priests
  A gnoll bouda (D:8)
  2 sleepcaps
  Terence (D:2)
  4 iguanas
  Natasha (twice) (D:4)
  8 orc wizards
  Ijyb (D:3)
  7 hell rats
  5 adders
  7 gnolls
  A shadow imp (D:7)
  3 white imps
  An ufetubus (D:11)
  A ribbon worm (D:5)
  2 dart slugs
  57 orcs
  6 ball pythons
  4 endoplasms
  A giant cockroach (D:2)
  7 hobgoblins
  3 jackals (D:3)
  2 quokkas
  4 bats
  A frilled lizard (D:3)
  12 goblins
  8 kobolds
  8 rats
1240 creatures vanquished.

Vanquished Creatures (others)
  A deep elf knight (Elf:2)
  2 deep elf zephyrmancers (Elf:1)
  8 tentacles
11 creatures vanquished.

Grand Total: 1251 creatures vanquished

Notes
Turn   | Place    | Note
-------+----------+-------------------------------------------
     0 | D:1      | seren the Octopode Shapeshifter began the quest for the
                  | Orb.
     0 | D:1      | Reached XP level 1. HP: 13/13 MP: 1/1
   262 | D:1      | Reached XP level 2. HP: 17/18 MP: 2/2
   611 | D:2      | Reached skill level 1 in Stealth
   874 | D:2      | Noticed Terence
   879 | D:2      | Killed Terence
   880 | D:2      | Reached XP level 3. HP: 12/23 MP: 1/3
  1077 | D:2      | Found a runed translucent door.
  1078 | D:2      | Noticed Crazy Yiuf
  1370 | D:3      | Reached XP level 4. HP: 28/28 MP: 4/4
  1407 | D:3      | Found a faded altar of an unknown god.
  1488 | D:3      | Noticed Sigmund
  1632 | D:3      | Noticed Ijyb
  2305 | D:3      | Reached XP level 5. HP: 22/34 MP: 3/5
  2362 | D:3      | Killed Sigmund
  2363 | D:3      | Reached skill level 4 in Shapeshifting
  2363 | D:3      | Reached XP level 6. HP: 41/41 MP: 6/6
  2374 | D:3      | Killed Ijyb
  2741 | D:4      | Noticed Menkaure
  2741 | D:4      | Noticed a sky beast
  2900 | D:4      | Reached skill level 1 in Evocations
  2900 | D:4      | Reached XP level 7. HP: 43/45 MP: 7/7
  3552 | D:4      | Killed Menkaure
  3631 | D:5      | Entered Level 5 of the Dungeon
  3833 | D:4      | Noticed Natasha
  4001 | D:5      | Reached skill level 5 in Unarmed Combat
  4001 | D:5      | Reached XP level 8. HP: 52/52 MP: 8/8
  4402 | D:5      | Found a snail-covered altar of Cheibriados.
  4496 | D:5      | Reached skill level 5 in Stealth
  4501 | D:5      | Reached skill level 5 in Shapeshifting
  5508 | D:6      | Reached skill level 5 in Evocations
  5508 | D:6      | Reached XP level 9. HP: 49/58 MP: 9/9
  5521 | D:6      | Found a glowing silver altar of Zin.
  5950 | D:6      | Found a burning altar of Makhleb.
  6119 | D:6      | Reached skill level 5 in Dodging
  6119 | D:6      | Reached skill level 6 in Shapeshifting
  6288 | D:7      | Found a staircase to the Ecumenical Temple.
  6470 | Temple   | Found a transporter.
  6470 | Temple   | Found a transporter.
  6470 | Temple   | Found a transporter.
  6470 | Temple   | Found a transporter.
  6470 | Temple   | Entered the Ecumenical Temple
  6523 | D:7      | Found a shadowy altar of Dithmenos.
  7151 | D:8      | Reached skill level 5 in Fighting
  7638 | D:8      | Noticed a hornet
  7655 | D:8      | Killed a hornet
  7656 | D:8      | Reached XP level 10. HP: 56/66 MP: 7/10
  7844 | D:8      | Reached skill level 7 in Shapeshifting
  8552 | D:9      | Noticed Maggie
  8560 | D:9      | Killed Maggie
  8727 | D:9      | Noticed a two-headed ogre
  8861 | D:9      | Found Quoph's Magic Scroll Shop.
  8870 | D:9      | Bought a scroll of identify for 28 gold pieces
  8870 | D:9      | Bought a scroll of identify for 28 gold pieces
  8870 | D:9      | Bought a scroll of fear for 56 gold pieces
 10059 | D:9      | Killed a two-headed ogre
 10222 | D:10     | Entered Level 10 of the Dungeon
 10313 | D:10     | Found an opulent altar of Gozag.
 10327 | D:10     | Reached XP level 11. HP: 52/74 MP: 6/11
 10419 | D:10     | Became a worshipper of Gozag Ym Sagoz the Greedy
 10725 | D:10     | Found a staircase to the Lair.
 11008 | D:10     | Reached skill level 8 in Shapeshifting
 11308 | D:11     | Found a staircase to the Orcish Mines.
 11374 | Lair:1   | Entered Level 1 of the Lair of Beasts
 11714 | Lair:1   | Reached skill level 10 in Unarmed Combat
 13274 | Lair:2   | Reached XP level 12. HP: 65/82 MP: 10/12
 13402 | Lair:2   | Reached skill level 9 in Shapeshifting
 14011 | Lair:2   | Found a staircase to the Snake Pit.
 15175 | Lair:3   | Noticed a five-headed hydra
 15288 | Lair:3   | Killed a five-headed hydra
 15428 | Lair:3   | Found a staircase to the Shoals.
 15764 | Lair:3   | Reached skill level 10 in Stealth
 15874 | Lair:3   | Reached XP level 13. HP: 79/90 MP: 8/13
 16214 | Lair:2   | Reached skill level 10 in Shapeshifting
 16904 | Lair:4   | Found a viscous altar of Jiyva.
 16904 | Lair:4   | Found a staircase to the Slime Pits.
 17277 | Lair:4   | Learned a level 2 spell: Blink
 18222 | Lair:5   | Entered Level 5 of the Lair of Beasts
 18823 | Lair:4   | Bought a potion of curing for 36 gold pieces
 18823 | Lair:4   | Bought a scroll of blinking for 90 gold pieces
 19224 | Lair:5   | Reached skill level 10 in Dodging
 19391 | Lair:5   | Learned a level 1 spell: Apportation
 19793 | Lair:4   | Reached skill level 10 in Fighting
 20019 | Lair:5   | Reached XP level 14. HP: 99/99 MP: 14/14
 20543 | Lair:5   | Reached skill level 11 in Shapeshifting
 21397 | Lair:5   | Reached skill level 1 in Spellcasting
 21397 | Lair:5   | Reached skill level 1 in Translocations
 21922 | Orc:1    | Entered Level 1 of the Orcish Mines
 21922 | Orc:1    | Found Jiyx Oqo's Jewellery Boutique.
 21929 | Orc:1    | Bought a ring of poison resistance for 220 gold pieces
 22406 | Orc:2    | Entered Level 2 of the Orcish Mines
 22696 | Orc:2    | Found Fuihel's CLEARANCE SALE!.
 22705 | Orc:2    | Bought a potion of invisibility for 32 gold pieces
 22705 | Orc:2    | Bought a potion of invisibility for 32 gold pieces
 22705 | Orc:2    | Bought a potion of berserk rage for 20 gold pieces
 25488 | Orc:2    | Found Zioh's Antique Armour Boutique.
 25494 | Orc:2    | Found Weloalof's Weapon Boutique.
 25495 | Orc:2    | Found Ymi Nyso's Book Shoppe.
 25498 | Orc:2    | Found a staircase to the Elven Halls.
 25505 | Orc:2    | Found Kaxylere's Armour Shop.
 25611 | Orc:2    | Reached XP level 15. HP: 106/106 MP: 20/20
 25795 | Orc:1    | Bought a blade talisman for 330 gold pieces
 27245 | D:12     | Noticed Jorgrun
 27251 | D:12     | Killed Jorgrun
 27392 | D:12     | Noticed Frances
 27597 | D:12     | Learned a level 2 spell: Lesser Beckoning
 27602 | D:12     | Learned a level 4 spell: Manifold Assault
 28287 | D:12     | Reached skill level 1 in Shields
 28894 | D:13     | Reached skill level 12 in Shapeshifting
 28922 | D:13     | Noticed Kirke
 29040 | D:12     | Killed Frances
 29651 | D:13     | Noticed Urug
 29660 | D:13     | Killed Urug
 29791 | D:13     | Killed Kirke
 30801 | D:14     | Found a corrupted altar of Lugonu.
 31231 | D:13     | Bought the ring of Riahy {rF- Int+6 Dex+7} for 557 gold
                  | pieces
 31231 | D:13     | Bought the ring "Anif" {Fly rElec rPois rC- SInv} for 361
                  | gold pieces
 31231 | D:13     | Bought a lightning rod (4/4) for 440 gold pieces
 31535 | D:4      | Killed Natasha
 31568 | D:4      | Noticed Natasha
 31575 | D:4      | Killed Natasha
 31732 | Snake:1  | Entered Level 1 of the Snake Pit
 31916 | Snake:1  | Found Nyth's Distillery.
 31925 | Snake:1  | Bought a potion of curing for 45 gold pieces
 31925 | Snake:1  | Bought 2 potions of heal wounds for 150 gold pieces
 31925 | Snake:1  | Bought 2 potions of curing for 90 gold pieces
 31925 | Snake:1  | Bought a potion of haste for 150 gold pieces
 31925 | Snake:1  | Bought a potion of haste for 150 gold pieces
 31925 | Snake:1  | Bought a potion of enlightenment for 75 gold pieces
 31925 | Snake:1  | Bought a potion of enlightenment for 75 gold pieces
 31925 | Snake:1  | Bought 2 potions of might for 120 gold pieces
 32079 | Snake:1  | Found Xisaepat's Assorted Antiques.
 32088 | Snake:1  | Bought a tubular opal ring for 200 gold pieces
 32100 | Snake:1  | Bought a scroll of identify for 80 gold pieces
 32174 | Snake:1  | Found Mamoss's Armour Boutique.
 33329 | Snake:2  | Reached XP level 16. HP: 114/114 MP: 22/22
 33604 | Snake:2  | Reached skill level 13 in Shapeshifting
 33604 | Snake:2  | Reached XP level 17. HP: 119/119 MP: 23/23
 36602 | Snake:3  | Reached skill level 14 in Shapeshifting
 37311 | Snake:4  | Entered Level 4 of the Snake Pit
 37545 | Snake:4  | Found Xeylogol's Jewellery Emporium.
 37546 | Snake:4  | Found Exoicumuo's Book Boutique.
 37547 | Snake:4  | Found Modoix's Jewellery Emporium.
 37556 | Snake:4  | Bought the ring "Tiessewe" {Fly rPois Str+3 Int+2} for 435
                  | gold pieces
 37556 | Snake:4  | Bought a granite talisman for 660 gold pieces
 38371 | Snake:4  | Found an opulent altar of Gozag.
 38935 | Snake:4  | Found a runed translucent gate.
 38935 | Snake:4  | Found a runed translucent gate.
 38935 | Snake:4  | Found a runed translucent gate.
 40378 | Snake:4  | Noticed a quicksilver dragon
 40495 | Snake:4  | Reached XP level 18. HP: 103/127 MP: 24/24
 40576 | Snake:4  | Reached skill level 15 in Shapeshifting
 41034 | Snake:4  | Got a serpentine rune of Zot
 41076 | Snake:4  | Killed a quicksilver dragon
 41409 | Lair:4   | Bought the +0 tower shield of Recklessness {rPois Int+3
                  | Dex+3} for 339 gold pieces
 41671 | Snake:4  | Bought a +5 ring of evasion for 396 gold pieces
 42055 | Snake:4  | Bought a ring of see invisible for 165 gold pieces
 42414 | Shoals:1 | Entered Level 1 of the Shoals
 42414 | Shoals:1 | Noticed Roxanne
 42414 | Shoals:1 | Noticed Louise
 42481 | Shoals:1 | Killed Roxanne
 42488 | Shoals:1 | Killed Louise
 42771 | Shoals:1 | Identified the ring of Amuassu {Fly rPois Dex+4}
 42981 | Shoals:1 | Reached skill level 15 in Unarmed Combat
 43126 | Shoals:1 | Found a runed translucent door.
 43370 | Shoals:1 | Reached skill level 5 in Translocations
 43859 | Shoals:2 | Reached skill level 16 in Shapeshifting
 43980 | Shoals:2 | Reached skill level 5 in Shields
 43991 | Shoals:2 | Noticed Polyphemus
 43996 | Shoals:2 | Killed Polyphemus
 44522 | Shoals:3 | Reached skill level 5 in Spellcasting
 44581 | Shoals:3 | Reached skill level 10 in Evocations
 44585 | Shoals:3 | Noticed Donald
 44593 | Shoals:3 | Killed Donald
 44749 | Shoals:3 | Noticed Ilsuiw
 44918 | Shoals:3 | Found a runed translucent door.
 44918 | Shoals:3 | Noticed senseless's ghost (adept DsGl)
 44951 | Shoals:3 | Killed senseless's ghost
 44964 | Shoals:3 | Identified the +0 ring mail of Koarph {^Drain Fly rC+
                  | Dex+3}
 45058 | Shoals:3 | Reached XP level 19. HP: 133/133 MP: 26/26
 45783 | Shoals:4 | Entered Level 4 of the Shoals
 46151 | Shoals:4 | Got a barnacled rune of Zot
 46427 | Shoals:4 | Noticed Nikola
 46438 | Shoals:4 | Killed Nikola
 46481 | Shoals:3 | Killed Ilsuiw
 47533 | Snake:4  | Bought a ring of protection from cold for 275 gold pieces
 47554 | Snake:4  | Bought the amulet of Monotheism {Acrobat Fly Dex+3} for 499
                  | gold pieces
 47765 | Orc:1    | Bought a storm talisman for 880 gold pieces
 48034 | D:14     | Found a shimmering altar of Xom.
 48049 | D:14     | Found a shimmering altar of Xom.
 48238 | D:14     | Reached skill level 1 in Throwing
 48382 | D:14     | Found a gate to the Vaults.
 48441 | D:15     | Entered Level 15 of the Dungeon
 48453 | D:15     | Found a staircase to the Depths.
 49317 | D:15     | Found a burning altar of Makhleb.
 49553 | Vaults:1 | Entered Level 1 of the Vaults
 49773 | Vaults:1 | Reached XP level 20. HP: 140/140 MP: 29/29
 51237 | Vaults:2 | Found Oroeskig's Armour Emporium.
 51245 | Vaults:2 | Reached skill level 10 in Translocations
 51581 | Vaults:2 | Found a staircase to the Crypt.
 51600 | Vaults:2 | Reached skill level 10 in Shields
 51701 | Vaults:2 | Found Ixzen's Globular Garage.
 51768 | Vaults:2 | Acquired a manual of Spellcasting
 51961 | Vaults:2 | Got the Secrets of Voltage
 52039 | Vaults:2 | Found Fura Wyst's Antique Armour Shop.
 53009 | Vaults:3 | Found Dinkoas's Book Shoppe.
 53537 | Vaults:3 | Reached skill level 17 in Shapeshifting
 54310 | Vaults:4 | Reached XP level 21. HP: 147/147 MP: 30/30
 54407 | Vaults:4 | Reached skill level 5 in Throwing
 54424 | Vaults:4 | Reached skill level 15 in Stealth
 54894 | Vaults:4 | Found Eczynlegh's Jewellery Shoppe.
 56042 | Elf:1    | Entered Level 1 of the Elven Halls
 56334 | Elf:1    | Found Pasetym's Overcharged Wands.
 56346 | Elf:1    | Bought a wand of digging (11) for 693 gold pieces
 57166 | Elf:2    | Found a shimmering blue altar of Sif Muna.
 57450 | Elf:2    | Killed from afar by a deep elf knight

Illustrated notes

Levels and vault maps discovered:
D:1:      dpeg_arrival_radiant, layout_basic
D:2:      layout_basic, uniq_terence, uniq_crazy_yiuf_cottage
D:3:      kennysheep_goblin_castle, layout_loops_cross,
          hellmonk_ecumenical_altar_pennies_from_heaven, grunt_decor_fettered,
          chequers_avenue, uniq_sigmund
D:4:      layout_gridville, uniq_menkaure, uniq_natasha, uniq_ijyb
D:5:      layout_cave_pods, cheibriados_altar_1, kennysheep_cluttered_room
D:6:      layout_cave_pools, zin_statuary, mainiacjoe_overflow_24_doors
D:7:      layout_basic, nicolae_dithmenos_shadow_blocks,
          minmay_temple_entry_crystal_x, serial_rivers,
          chequers_serial_rivers_micro_a, chequers_serial_rivers_small_a,
          chequers_serial_rivers_micro_e, chequers_serial_rivers_marsh,
          chequers_serial_rivers_small_3, hangedman_decor_growths
D:8:      layout_rooms
D:9:      layout_irregular_city, serial_shops, nicolae_shop_just_a_little_nook,
          hangedman_decor_lopped, nicolae_concentric_dashed_squares_wild,
          uniq_maggie
D:10:     layout_basic, lemuel_crystal_altar, hellmonk_lair_entry_icy
D:11:     layout_long_grid, orc_0_dummy, nicolae_demonic_statue_gallery
D:12:     layout_long_grid, uniq_jorgrun, uniq_frances
D:13:     layout_stronghold, uniq_urug, uniq_kirke
D:14:     layout_big_octagon, david_vaults_4, xom_redecorated, tgw_lugonu_bribe
D:15:     grunt_enter_depths_giant_problem, layout_loops_ring,
          nicolae_eternal_life, nicolae_nh_vlads_tower
Temple:   hellmonk_temple_divided_pantheon
Lair:1:   layout_loops_ring, serial_bayou_shore_b, grunt_megastairs_2,
          serial_bayou_shore_b, infiniplex_staircase_pool_2, lemuel_fruit_fields
Lair:2:   layout_roguey, minmay_snake_entry_six_corridors
Lair:3:   layout_small_grid, nicolae_shoals_entry_roost,
          chequers_serial_rivers_micro_b, grunt_megastairs_5
Lair:4:   hellmonk_ruined_rings, layout_long_grid, slime_entry_1
Lair:5:   minmay_lair_end_frog_pond, layout_layer_cave, lemuel_fruit_tree
Shoals:1: nicolae_shoals_offshore_bank_account, layout_shoals,
          portal_ice_cave_entry_ice_simulacra, uniq_roxanne, uniq_louise
Shoals:2: layout_shoals, nicolae_shoals_nautilus_by_nature, uniq_polyphemus
Shoals:3: layout_shoals, gammafunk_ghost_grave, uniq_ilsuiw, uniq_donald
Shoals:4: shoals_end_grunt_ice, layout_shoals, uniq_nikola
Snake:1:  layout_basic, serial_shops, shop, shop, shop
Snake:2:  layout_misc_corridors, grunt_megastairs_1
Snake:3:  layout_cave_town, serial_bayou_pond_d, chequers_hall_statues_y,
          serial_bayou_shore_b
Snake:4:  hellmonk_snake_rune_quicksilver_temple, layout_chambers, basic_altar,
          nicolae_snake_horde_hoard, minmay_shop_grove
Orc:1:    nicolae_orc_accident_3, layout_diamond_mine, serial_shops, shop
Orc:2:    st_orc_open, layout_caves, nicolae_shop_clearance
Elf:1:    minmay_elf_arrival_summoners, layout_geoelf_grid,
          guppyfry_library_mini, nicolae_shop_overcharged_wands
Elf:2:    elven_hall_of_blades_hangedman_original
          [nicolae_blade_entry_splitting_headache], layout_geoelf_octagon,
          basic_altar, nicolae_wwwww
Vaults:1: nicolae_vaults_shrinking_rooms_2, nicolae_vaults_house_2,
          grunt_vaults_trifunnel, v_alt_pattern_6,
          nicolae_vaults_hexular_roomagon, nicolae_vaults_diamond_1,
          nicolae_vaults_prndl, nicolae_vaults_tetromino_L_1,
          layout_vaults_chaotic_city
Vaults:2: vaults_room_semicircle, nicolae_vaults_variable_pillar_hall_cross,
          tekkud_shop_of_orbs, vaults_room_pool, v_misc_33,
          vaults_standard_mumra_enter_the_diamond,
          vaults_standard_mumra_enter_the_diamond, nicolae_vaults_angled_halls,
          nicolae_vaults_taking_the_gang_shopping, nicolae_vaults_tetromino_T_1,
          layout_vaults_quadrants, dummy_crypt_entry, serial_shops, shop
Vaults:3: v_misc_4, hangedman_vaults_stretched_pinwheel,
          nicolae_vaults_surprise_closet, hangedman_vaults_snaps,
          nicolae_vaults_closet_pinwheel_5, nicolae_vaults_asterisk,
          nicolae_vaults_big_ls, v_pattern_4, layout_vaults_omnibox,
          serial_shops, shop
Vaults:4: hangedman_vaults_hard_town_square, nicolae_vaults_two_Ls,
          ontoclasm_vaults_loading_screen, v_misc_23,
          nicolae_vaults_trapezoid_lopsided_4, nicolae_vaults_tetromino_L_2,
          v_rooms_2, v_misc_11, hangedman_vaults_nodes,
          nicolae_vaults_spaceships, vaults_room_grunt_arrival_ludios,
          nicolae_vaults_wrenched, nicolae_vaults_theta,
          nicolae_vaults_storage_room_glass,
          nicolae_vaults_trapezoid_lopsided_1, layout_vaults_maze_snakey,
          serial_shops, shop

Skill      XL: |  1  2  3  4  5  6  7  8  9 10 11 12 13 14 15 16 17 18 19 20 21 |
---------------+----------------------------------------------------------------+-----
Stealth        | 1 2 3 4 5 6 8 10 12 14 15 | 15.9
Fighting       | 2 3 4 5 6 7 8 10 11 12 13 14 | 14.4
Unarmed Combat | 4 5 7 9 10 11 12 13 14 15 16 | 16.2
Shapeshifting  | 4 5 6 7 8 9 10 11 12 13 14 16 17 | 17.4
Dodging        | 3 4 5 6 7 9 10 11 12 13 14 | 14.4
Evocations     | 1 3 5 6 7 8 9 10 | 10.0
Spellcasting   | 3 4 5 6 |  6.0
Translocations | 3 4 6 9 10 | 10.0
Shields        | 3 6 9 11 12 | 12.6
Throwing       | 2 4 6 |  6.6

Action                     |  1- 3 |  4- 6 |  7- 9 | 10-12 | 13-15 | 16-18 | 19-21 || total
---------------------------+-------+-------+-------+-------+-------+-------+-------++-------
  Melee: Unarmed           |    33 |    54 |   206 |   466 |   833 |   653 |  1111 ||  3356
         Constrict         |    11 |    16 |    50 |   102 |   211 |   132 |   161 ||   683
         Tentacles         |     4 |    12 |    60 |   104 |       |    84 |   368 ||   632
         Punch             |     1 |       |     2 |       |       |    45 |   181 ||   229
  Throw: Boomerang         |       |       |       |       |       |     4 |     3 ||     7
   Cast: Apportation       |       |       |       |       |       |     3 |     4 ||     7
         Lesser Beckoning  |       |       |       |       |       |    18 |    32 ||    50
 Invoke: Call Merchant     |       |       |       |       |     3 |       |       ||     3
Ability: Begin Untransform |       |       |       |       |     2 |     4 |     1 ||     7
  Evoke: Wand              |       |       |     8 |     7 |    20 |     3 |       ||    38
         Phial of floods   |       |       |       |       |       |     1 |       ||     1
    Use: Scroll            |       |       |    10 |    10 |    16 |     3 |     4 ||    43
         Potion            |       |       |     2 |     6 |     5 |     6 |     4 ||    23
   Stab: Sleeping          |     3 |     6 |     9 |     8 |    19 |    27 |    52 ||   124
         Distracted        |       |       |     1 |     2 |     6 |     8 |    13 ||    30
         Invisible         |       |       |       |       |       |     3 |       ||     3
         Petrified         |       |       |       |       |       |     2 |       ||     2
 Armour: Skin              |    11 |    28 |    90 |   206 |   562 |   472 |   712 ||  2081
  Dodge: Dodged            |     9 |    27 |   115 |   341 |   548 |   495 |  1316 ||  2851
  Block: Other             |       |       |       |       |     3 |       |       ||     3
         Buckler           |       |       |       |       |       |   130 |       ||   130
         Kite shield       |       |       |       |       |       |    39 |  1051 ||  1090
         Reflection        |       |       |       |       |       |    14 |    11 ||    25
   Form: Flux              |       |       |     1 |       |       |       |       ||     1
         Serpent           |       |       |       |     1 |     3 |     6 |     2 ||    12
         Blade             |       |       |       |       |     1 |     2 |       ||     3
         Statue            |       |       |       |       |       |     7 |     2 ||     9

Table legend: (Time is in decaauts)
 A = Elapsed time spent in this place.
 B = Non-inter-level travel time spent in this place.
 C = Inter-level travel time spent in this place.
 D = Time resting spent in this place.
 E = Time spent auto-exploring this place.
 F = Levels seen in this place.
 G = Mean time per level.
                   A        B        C        D        E       F      G
               +--------+--------+--------+--------+--------+-----+--------+
         Total |  64346 |  59646 |   4700 |  15996 |  23190 |  37 | 1739.1 |
       Dungeon |  19913 |  18103 |   1810 |   4566 |   8178 |  15 | 1327.5 |
        Temple |     32 |     32 |      0 |      0 |      0 |   1 |   32.0 |
          Lair |  11336 |  10434 |    902 |   4132 |   3272 |   5 | 2267.2 |
        Shoals |   7183 |   6928 |    255 |    865 |   2623 |   4 | 1795.8 |
     Snake Pit |  10567 |   9651 |    916 |   3571 |   2224 |   4 | 2641.8 |
  Orcish Mines |   3946 |   3663 |    283 |   1453 |    791 |   2 | 1973.0 |
   Elven Halls |   2057 |   1999 |     58 |    364 |    912 |   2 | 1028.5 |
        Vaults |   9309 |   8835 |    474 |   1042 |   5188 |   4 | 2327.2 |
               +--------+--------+--------+--------+--------+-----+--------+

Top non-repeatable levels by time:
 Snake:4: 4441 daAuts
  Lair:4: 2641 daAuts
  Lair:1: 2473 daAuts
Vaults:3: 2469 daAuts
 Snake:2: 2385 daAuts
Vaults:2: 2349 daAuts
Vaults:1: 2316 daAuts
  Lair:2: 2305 daAuts
    D:12: 2278 daAuts
  Lair:5: 2265 daAuts
Vaults:4: 2174 daAuts
 Snake:3: 2071 daAuts
Shoals:4: 2070 daAuts
   Orc:1: 2068 daAuts
Shoals:3: 1937 daAuts
